 Dungeon Crawl Stone Soup version 0.31-a0-1278-g11c5b68f87 (webtiles) character file.

Game seed: 6377589621307217846

2508 Zonian the Skirmisher (level 9, 0/70 HPs)
             Began as a Demigod Hunter on Dec 18, 2023.
             Killed from afar by Maggie (25 damage)
             ... with a bolt of fire
             ... on level 7 of the Dungeon.
             The game lasted 00:17:23 (7842 turns).

Zonian the Skirmisher (Demigod Hunter)              Turns: 7842, Time: 00:17:23

Health: 0/70       AC:  8    Str: 18    XL:     9   Next: 7%
Magic:  11/11      EV: 14    Int: 11    God:
Gold:   329        SH:  0    Dex: 29    Spells: 8/8 levels left

rFire   . . .        a - +3 shortbow {bow}
rCold   . . .        (shield currently unavailable)
rNeg    . . .        c - +0 leather armour
rPois   .            b - +0 helmet
rElec   .            i - +0 cloak
rCorr   .            n - +0 pair of gloves
SInv    .            g - +1 pair of boots
Will    +....        (no amulet)
Stlth   +++          y - ring of willpower
HPRegen 0.31/turn    w - +6 ring of strength
MPRegen 0.12/turn

%: no passive effects
@: mesmerised, hasted, very quick
A: high MP 1, forlorn, divine attributes
a: no special abilities


You were on level 7 of the Dungeon.
You visited 1 branch of the dungeon, and saw 7 of its levels.
You also visited: Ossuary.

You collected 329 gold pieces.


Innate Abilities, Weirdness & Mutations

You have an increased reservoir of magic. (+10% MP)
You shall have no god before yourself.
Your divine heritage dramatically boosts your attributes as you level up.


   Skills:
 - Level 3.3 Fighting
 + Level 11.0 Ranged Weapons
 - Level 3.4 Dodging
 - Level 3.1 Stealth


You had 8 spell levels left.
You didn't know any spells.
Your spell library contained the following spells:

 Spells                   Type           Power      Damage    Failure   Level
 Apportation              Tloc           0%         N/A       38%         1
 Necrotise                Necr           0%         1d4       38%         1
 Sandblast                Erth           0%         2d4       38%         1
 Summon Small Mammal      Summ           0%         N/A       38%         1
 Passwall                 Tmut/Erth      0%         N/A       54%         2
 Inner Flame              Hex/Fire       0%         N/A       77%         3
 Stone Arrow              Conj/Erth      0%         3d7       77%         3
 Brom's Barrelling Bould  Conj/Erth      0%         2d3       99%         4
 Yara's Violent Unravell  Hex/Tmut       0%         3d3       100%        5
 Enfeeble                 Hex            0%         N/A       100%        7
 Haunt                    Necr/Summ      0%         N/A       100%        7
 Borgnjor's Revivificati  Necr           0%         N/A       100%        8
 Death's Door             Necr           0%         N/A       100%        9

Inventory:

Hand Weapons
 a - a +3 shortbow (weapon) {bow}
 h - a +1 short sword of electrocution {short}
   (You found it on level 2 of the Dungeon)
 k - a +3 flail of venom {mace}
   (You took it off a gnoll on level 3 of the Dungeon)
Armour
 b - a +0 helmet (worn)
   (You took it off Robin on level 2 of the Dungeon)
 c - a +0 leather armour (worn)
 g - a +1 pair of boots (worn)
   (You found it on level 1 of the Dungeon)
 i - a +0 cloak (worn)
   (You found it on level 3 of the Dungeon)
 n - a +0 pair of gloves (worn)
   (You found it on level 4 of the Dungeon)
 u - the orb "Ycaic" {guile, ^Drain Regen+ rCorr Str+7}
   (You found it on level 5 of the Dungeon)

   Str+7:     It affects your strength (+7).
   Regen+:    It increases your rate of health regeneration.
   rCorr:     It protects you from acid and corrosion.
   ^Drain:    It drains your maximum health when unequipped.
Jewellery
 e - a ring of ice
   (You found it on level 2 of the Dungeon)
 w - a +6 ring of strength (right hand)
   (You found it on level 5 of the Dungeon)
 y - a ring of willpower (left hand)
   (You found it on level 6 of the Dungeon)
Wands
 x - a wand of flame (26)
   (You took it off an orc on level 6 of the Dungeon)
Scrolls
 d - 2 scrolls of immolation {!r!r}
 s - a scroll of teleportation {@r4}
 v - a scroll of vulnerability {!r!r}
Potions
 f - 3 potions of enlightenment
 j - a potion of haste {@q3}
 l - 6 potions of curing {@q1}
 m - a potion of cancellation {unknown}
 o - 2 potions of mutation {!q}
 p - 3 potions of brilliance
 q - a potion of berserk rage {unknown}
 r - 4 potions of resistance
 t - 2 potions of degeneration {!q@e2}
 A - a potion of lignification {unknown}

Dungeon Overview and Level Annotations

Branches:
Dungeon (7/15) Zot: 25991  Temple (0/1) D:5         Ossuary (visited)

Shops:
D:2 (   D:3 [

Annotations:
D:7 1 runed translucent door, Crazy Yiuf, Maggie

##########.##.#
#.....#.##.# #
#.###.#.##.########
#.#......#.#.......
#.#.#.####.#.######
#.#...#....#.######
#.>................
#.....#.#..#.######
##.@................
#..@..........######
#....###.##...######
#....# #.##.........
#....# #.####.......
##..## #............
#...... ####.........
#......# ##..........
#......###...........


You could see Maggie (mesmerising).


Message History

You shoot an arrow. The arrow hits the steam dragon!
You shoot an arrow. The arrow hits the steam dragon!
You shoot an arrow. The arrow hits the steam dragon!
You kill the steam dragon!
No target in view!
No target in view!
Unknown command.
You start waiting.
Done waiting.
Found a stone staircase leading down.
Unknown command.
z - 2 scrolls of identify {@r1} (gained 1)
As you read the scroll of identify {@r1}, it crumbles to dust.
j - 2 potions of haste
As you read the scroll of identify {@r1}, it crumbles to dust.
t - 2 potions of degeneration Unknown command.
You open the door. You open the door.
Found a sparkling altar of Nemelex Xobeh.
There is an open door here.
There is an open door here.
A hound comes into view.
Unknown command.
You shoot an arrow. The hound barks!
The arrow hits the hound.
You shoot an arrow. The arrow misses the hound.
You shoot an arrow. The arrow barely misses the hound.
You shoot an arrow. The arrow hits the hound!
The hound misses you.
You shoot an arrow. The arrow hits the hound.
You kill the hound!
Your Ranged Weapons skill increases to level 11!
No target in view!
Unknown command.
Key pressed, stopping explore.
You open the door.
There is an open door here.
You open the door.
There is an open door here.
r - 4 potions of resistance (gained 1)
You pick up a book of Misfortune and begin reading...
You add the spells Inner Flame, Yara's Violent Unravelling and Enfeeble to your library.
Okay, then.
Found a stone staircase leading down.
There is a stone staircase leading down here.
There is a stone staircase leading down here.
There is a stone staircase leading down here.
Maggie shouts!
You shoot an arrow. The arrow hits Maggie!
You shoot an arrow.
The arrow hits Maggie but does no damage.
Maggie gestures wildly while chanting.
Maggie attempts to bespell you! You resist with almost no effort.
You shoot an arrow. The arrow barely misses Maggie.
You shoot an arrow. The arrow hits Maggie.
You shoot an arrow. The arrow completely misses Maggie.
You shoot an arrow. The arrow completely misses Maggie.
Maggie casts a spell.
Maggie attempts to bespell you!
You are mesmerised by Maggie!
You shoot an arrow. The arrow closely misses Maggie.
Maggie gestures wildly while chanting.
Maggie draws you further into her thrall.
You shoot an arrow. The arrow closely misses Maggie.
Maggie gestures at you while chanting. The bolt of fire hits you!! 😮 HP[-25]
You take 25 damage, and now have 45/70 hp.
MASSIVE DAMAGE!! (PAUSE)
Aiming: Throw Flame
Press: ? - help, Shift-Dir - straight line, f/p - Maggie
Aim: Maggie, wielding a +0 morningstar and wearing +0 steam dragon scales (moderately wounded, mesmerising, 68% to hit)
Okay, then.
Fire: a) +3 shortbow {bow}
Press: ? - help, Q - select action, (/) - cycle Shift-Dir - straight line, f/p - Maggie
Aim: Maggie, wielding a +0 morningstar and wearing +0 steam dragon scales (moderately wounded, mesmerising, 73% to hit)
You shoot an arrow. The arrow barely misses Maggie.
Maggie casts a spell at you. The bolt of fire hits you!!
* * * LOW HITPOINT WARNING * * *
😨 HP[-21]
You take 21 damage, and now have 24/70 hp.
MASSIVE DAMAGE!! (PAUSE) Fire: a) +3 shortbow {bow}
Press: ? - help, Q - select action, (/) - cycle Shift-Dir - straight line, f/p - Maggie
Aim: Maggie, wielding a +0 morningstar and wearing +0 steam dragon scales (moderately wounded, mesmerising, 73% to hit)
You shoot an arrow. The arrow barely misses Maggie.
Maggie mumbles the words to a spell, but in the wrong order. 😨 HP[+1] Unknown command.
Okay, then.
You feel yourself speed up.
Unknown command.
You shoot an arrow. The arrow hits Maggie!
Unknown command.
You shoot an arrow. The arrow hits Maggie!
Maggie casts a spell at you. The bolt of fire hits you!!
You die...

Skill      XL: |  1  2  3  4  5  6  7  8  9 |
---------------+----------------------------+-----
Stealth        | 1 2 3 |  3.1
Dodging        | 2 3 |  3.4
Fighting       | 2 3 |  3.3
Ranged Weapons | 4 6 8 10 11 | 11.0

Action                     |  1- 3 |  4- 6 |  7- 9 || total
---------------------------+-------+-------+-------++-------
   Fire: Shortbow          |   120 |   264 |   280 ||   664
    Use: Scroll            |     4 |     5 |     8 ||    17
         Potion            |     3 |     1 |     1 ||     5
 Armour: Leather armour    |    44 |    75 |    77 ||   196
  Dodge: Dodged            |    52 |   115 |    84 ||   251

Levels and vault maps discovered:
D:1:      ebering_trefoil_3fold, layout_basic, minmay_rat_gold_closets
D:2:      minmay_razor_zed, layout_loops_cross, serial_shops,
          nicolae_shop_mannequins, uniq_terence, uniq_robin
D:3:      layout_basic, fedhas_altar_1, serial_shops, nicolae_shop_drivethru,
          chequers_mini_garden, st_stairs_7
D:4:      layout_basic, xom_confusion_cloud, serial_bayou_ford_a
D:5:      layout_basic, nicolae_hepliaklqana_monster_ancestors,
          minmay_temple_entry_mist, enter_ossuary_5, glass_columns_b,
          kennysheep_generic_room_10, uniq_menkaure, uniq_eustachio
D:6:      layout_basic, mainiacjoe_overflow_catwalk,
          mainiacjoe_overflow_surrounded_room
D:7:      layout_basic, nemelex_diamond_rough_becter, uniq_maggie,
          uniq_crazy_yiuf_cottage

Notes
Turn   | Place    | Note
-------+----------+-------------------------------------------
     0 | D:1      | Zonian the Demigod Hunter began the quest for the Orb.
     0 | D:1      | Reached XP level 1. HP: 17/17 MP: 3/3
     0 | D:1      | magus.rc [v1.9.6]
     7 | D:1      | Reached skill level 1 in Stealth
   150 | D:1      | Reached skill level 2 in Dodging
   169 | D:1      | Reached skill level 2 in Fighting
   228 | D:1      | Reached XP level 2. HP: 24/24 MP: 4/4
   536 | D:1      | You fall into a shaft and drop 1 floor!
   640 | D:2      | Reached XP level 3. HP: 29/29 MP: 5/5
   710 | D:2      | Noticed Robin
   717 | D:2      | Reached skill level 4 in Ranged Weapons
   717 | D:2      | Noticed Terence
  1189 | D:2      | Killed Robin
  1190 | D:2      | Reached skill level 2 in Stealth
  1195 | D:2      | Reached XP level 4. HP: 20/37 MP: 6/6
  1533 | D:2      | Noticed a +0 lajatang
  1535 | D:2      | Found Etu Loog's Weapon Shop.
  1535 | D:2      | Noticed a +0 triple sword
  1969 | D:2      | Killed Terence
  1970 | D:2      | Reached XP level 5. HP: 30/44 MP: 7/7
  2239 | D:3      | Reached skill level 3 in Dodging
  2310 | D:3      | You pick up a book of Geomancy and begin reading...
  2310 | D:3      | You add the spells Sandblast, Passwall, Stone Arrow and
                  | Brom's Barrelling Boulder to your library.
  2383 | D:3      | Found a transporter.
  2386 | D:3      | Found Gagacaosy's Antique Armour Boutique.
  2388 | D:3      | Found a transporter.
  2418 | D:3      | Reached skill level 3 in Fighting
  3181 | D:4      | Reached skill level 3 in Stealth
  3196 | D:4      | You add the spells Haunt, Borgnjor's Revivification and
                  | Death's Door to your library.
  3378 | D:4      | Reached XP level 6. HP: 40/51 MP: 8/8
  3477 | D:4      | Reached skill level 5 in Ranged Weapons
  3746 | D:5      | Entered Level 5 of the Dungeon
  3977 | D:5      | Found a sand-covered staircase.
  3982 | Ossuary  | Entered an ossuary
  4332 | Ossuary  | Reached skill level 6 in Ranged Weapons
  4340 | Ossuary  | Reached XP level 7. HP: 42/57 MP: 9/9
  4810 | D:5      | Reached skill level 7 in Ranged Weapons
  4935 | D:5      | Noticed Menkaure
  5070 | D:5      | Identified the orb "Ycaic" {guile, ^Drain Regen+ rCorr
                  | Str+7}
  5080 | D:5      | Killed Menkaure
  5138 | D:5      | Noticed Eustachio
  5536 | D:5      | Found a staircase to the Ecumenical Temple.
  5552 | D:5      | Killed Eustachio
  5553 | D:5      | Reached skill level 8 in Ranged Weapons
  5553 | D:5      | Reached XP level 8. HP: 57/63 MP: 10/10
  6134 | D:6      | Reached skill level 9 in Ranged Weapons
  6569 | D:6      | Reached skill level 10 in Ranged Weapons
  6918 | D:7      | You pick up a book of Cantrips and begin reading...
  6918 | D:7      | You add the spells Necrotise, Summon Small Mammal and
                  | Apportation to your library.
  6942 | D:7      | Found a runed translucent door.
  6943 | D:7      | Noticed Crazy Yiuf
  7250 | D:7      | Reached XP level 9. HP: 70/70 MP: 11/11
  7255 | D:7      | Noticed Maggie
  7672 | D:7      | Reached skill level 11 in Ranged Weapons
  7734 | D:7      | You pick up a book of Misfortune and begin reading...
  7734 | D:7      | You add the spells Inner Flame, Yara's Violent Unravelling
                  | and Enfeeble to your library.
  7842 | D:7      | Killed from afar by Maggie

Vanquished Creatures
  Eustachio (D:5)
  A steam dragon (D:7)
  Menkaure (D:5)
  2 water moccasins
  An orc warrior (D:6)
  A black bear (D:5)
  2 sky beasts
  2 ogres (D:6)
  A phantom (D:4)
  A kobold brigand (D:6)
  2 bullfrogs
  3 water moccasin zombies (Ossuary)
  4 hounds
  6 jellies
  2 orc priests (D:5)
  A sleepcap (D:5)
  Terence (D:2)
  3 orc wizards
  3 iguanas
  2 crocodile zombies (Ossuary)
  2 mummies (Ossuary)
  Robin (D:2)
  4 gnolls
  8 adders
  5 adder zombies (Ossuary)
  2 worms (D:2)
  5 dart slugs
  16 orcs
  3 bats
  7 endoplasms
  2 giant cockroaches (D:4)
  4 gnoll zombies (Ossuary)
  14 goblins
  9 hobgoblins
  11 jackals
  16 kobolds
  3 quokkas
  6 ball pythons
  A frilled lizard (D:2)
  7 hobgoblin zombies (Ossuary)
  2 kobold zombies (Ossuary)
  4 orc zombies (Ossuary)
  16 rats
  A spectral kobold (D:5)
189 creatures vanquished.

Vanquished Creatures (others)
  An adder (D:4)
  A goblin (D:4)
2 creatures vanquished.

Grand Total: 191 creatures vanquished

Table legend:
 A = Non-vault XP
 B = Vault XP
 C = Vault XP percentage of total XP
 D = Non-vault monster count
 E = Vault monster count
 F = Vault count percentage of total count
                 A         B        C        D         E       F
            +---------+---------+-------+---------+---------+-------
      Total |    2644 |     939 |  26.2 |     116 |      73 |  38.6
            +---------+---------+-------+---------+---------+-------
        D:1 |      32 |       8 |  20.0 |      19 |       8 |  29.6
        D:2 |     115 |      88 |  43.3 |      23 |      23 |  50.0
        D:3 |      70 |       6 |   7.9 |      12 |       2 |  14.3
        D:4 |     268 |      57 |  17.5 |      17 |       6 |  26.1
        D:5 |     337 |     414 |  55.1 |      12 |       5 |  29.4
        D:6 |    1146 |       0 |   0.0 |      24 |       0 |   0.0
        D:7 |     676 |       0 |   0.0 |       9 |       0 |   0.0
    Ossuary |       0 |     366 | 100.0 |       0 |      29 | 100.0
            +---------+---------+-------+---------+---------+-------

Skill      XL: |  1  2  3  4  5  6  7  8  9 |
---------------+----------------------------+-----
Stealth        | 1 2 3 |  3.1
Dodging        | 2 3 |  3.4
Fighting       | 2 3 |  3.3
Ranged Weapons | 4 6 8 10 11 | 11.0

Action                     |  1- 3 |  4- 6 |  7- 9 || total
---------------------------+-------+-------+-------++-------
   Fire: Shortbow          |   120 |   264 |   280 ||   664
    Use: Scroll            |     4 |     5 |     8 ||    17
         Potion            |     3 |     1 |     1 ||     5
 Armour: Leather armour    |    44 |    75 |    77 ||   196
  Dodge: Dodged            |    52 |   115 |    84 ||   251

Illustrated notes

Table legend:
 A = Kills in this place as a percentage of kills in the entire game.
 B = Kills by you in this place as a percentage of kills by you in the entire game.
 C = Kills by friends in this place as a percentage of kills by friends in the entire game.
 D = Other kills in this place as a percentage of other kills in the entire game.
 E = Experience gained in this place as a percentage of experience gained in the entire game.
 F = Experience gained in this place divided by the number of levels of this place that you have seen.
                   A       B       C       D       E      F
               +-------+-------+-------+-------+-------+----------------------
         Total | 100.0 | 100.0 |   N/A |   N/A | 100.0 | 447.9
       Dungeon |  84.7 |  84.7 |   N/A |   N/A |  89.8 | 459.6
       Ossuary |  15.3 |  15.3 |   N/A |   N/A |  10.2 | 366.0
               +-------+-------+-------+-------+-------+----------------------

Table legend: (Time is in decaauts)
 A = Elapsed time spent in this place.
 B = Non-inter-level travel time spent in this place.
 C = Inter-level travel time spent in this place.
 D = Time resting spent in this place.
 E = Time spent auto-exploring this place.
 F = Levels seen in this place.
 G = Mean time per level.
                   A        B        C        D        E       F      G
               +--------+--------+--------+--------+--------+-----+--------+
         Total |   7935 |   7637 |    298 |   1634 |   4383 |   8 |  991.9 |
       Dungeon |   7208 |   6910 |    298 |   1202 |   4291 |   7 | 1029.7 |
       Ossuary |    726 |    726 |      0 |    432 |     92 |   1 |  726.0 |
               +--------+--------+--------+--------+--------+-----+--------+

Top non-repeatable levels by time:
     D:5: 1283 daAuts
     D:2: 1267 daAuts
     D:6: 1157 daAuts
     D:3: 1001 daAuts
     D:4: 857 daAuts
     D:1: 826 daAuts
     D:7: 814 daAuts
 Ossuary: 726 daAuts
